[ PARTIDA AOE2 · #505796683 ]
UnrankedHunos vs Poles
Equipo del jugador · DERR
Equipo rival · VICT
[ ANÁLISIS DE REPETICIÓN · EXTRAÍDO DE LA PARTIDA GRABADA ]
Feudal
10:29
Castillos
22:40
Imperial
—
| APM promedio | 72.8 |
| APM pico | 124 |
| eAPM promedio | 35.5 |
| Aldeanos / militares | 58 / 76 |
Foco
⚔️ 35.3% · 🌾 64.7%
Knight ×28 · Archer ×23 · Battering Ram ×8 · Scorpion ×5 · Cavalry Archer ×5 · Militia ×3
Feudal
10:12
Castillos
27:03
Imperial
—
| APM promedio | 61.6 |
| APM pico | 100 |
| eAPM promedio | 31.7 |
| Aldeanos / militares | 94 / 121 |
Foco
⚔️ 37.2% · 🌾 62.8%
Spearman ×86 · Archer ×19 · Skirmisher ×15 · Mangonel ×1
Mapa de la partida
Recursos iniciales + cada clic de construcción. Líneas = muros · curvas = relieve. ◆ oro · ⬟ piedra · ● bayas · ✦ reliquia · ◌ hueco del cierre
Tu base· Abierta — flanco sin cerrar
Base de [BTJ']Sanguche de milanga reloco· Abierta — hueco de 7t
Terreno inicial suavizado · ◌ = hueco del cierre detectado · pasá el cursor para detalles
Inputs por minuto
— Pedro - - [BTJ']Sanguche de milanga reloco
Build order — Pedro
Primeras 150 de 199 acciones detectadas
| 0:01 | Encolar | Villager (Male) |
| 0:01 | Encolar | Villager (Male) |
| 0:02 | Encolar | Villager (Male) |
| 0:02 | Encolar | Villager (Male) |
| 1:12 | Encolar | Villager (Male) |
| 1:43 | Encolar | Villager (Male) |
| 1:48 | Construir | Lumber Camp |
| 2:15 | Encolar | Villager (Male) |
| 2:41 | Encolar | Villager (Male) |
| 2:52 | Encolar | Villager (Male) |
| 3:31 | Encolar | Villager (Male) |
| 3:57 | Encolar | Villager (Male) |
| 4:12 | Encolar | Villager (Male) |
| 4:28 | Encolar | Villager (Male) |
| 4:50 | Construir | Barracks |
| 4:59 | Encolar | Villager (Male) |
| 5:09 | Encolar | Villager (Male) |
| 5:30 | Encolar | Villager (Male) |
| 6:08 | Encolar | Militia |
| 6:19 | Construir | Mill |
| 6:35 | Encolar | Militia |
| 6:36 | Encolar | Villager (Male) |
| 6:37 | Encolar | Villager (Male) |
| 6:44 | Encolar | Villager (Male) |
| 6:51 | Encolar | Militia |
| 6:54 | Encolar | Villager (Male) |
| 7:23 | Encolar | Villager (Male) |
| 7:27 | Investigar | Loom |
| 8:19 | Investigar | Feudal Age |
| 8:23 | Construir | Lumber Camp |
| 8:54 | Construir | Mining Camp |
| 9:13 | Encolar | Villager (Male) |
| 9:36 | Encolar | Villager (Male) |
| 10:29 | Edad | Edad Feudal |
| 10:36 | Investigar | Man-at-Arms (upgrade) |
| 10:37 | Investigar | Double-Bit Axe |
| 10:40 | Construir | Archery Range |
| 10:46 | Encolar | Villager (Male) |
| 11:05 | Encolar | Villager (Male) |
| 11:19 | Encolar | Archer |
| 11:21 | Construir | Archery Range |
| 11:39 | Encolar | Archer |
| 11:40 | Encolar | Villager (Male) |
| 12:27 | Encolar | Villager (Male) |
| 12:28 | Encolar | Archer |
| 12:33 | Construir | Watch Tower |
| 12:42 | Encolar | Archer |
| 12:43 | Encolar | Archer |
| 12:44 | Encolar | Skirmisher |
| 12:47 | Construir | Blacksmith |
| 12:49 | Construir | Farm |
| 12:59 | Encolar | Archer |
| 13:00 | Encolar | Villager (Male) |
| 13:18 | Encolar | Archer |
| 13:25 | Encolar | Villager (Male) |
| 13:26 | Encolar | Villager (Male) |
| 13:31 | Encolar | Archer |
| 13:32 | Encolar | Archer |
| 13:37 | Construir | Farm |
| 13:55 | Construir | Farm |
| 13:57 | Construir | Farm |
| 14:11 | Encolar | Archer |
| 14:11 | Encolar | Archer |
| 14:11 | Encolar | Villager (Male) |
| 14:12 | Encolar | Villager (Male) |
| 14:28 | Encolar | Villager (Male) |
| 14:32 | Encolar | Archer |
| 14:39 | Investigar | Fletching |
| 14:58 | Encolar | Archer |
| 14:58 | Encolar | Archer |
| 14:59 | Encolar | Villager (Male) |
| 15:02 | Construir | Farm |
| 15:04 | Construir | Farm |
| 15:04 | Encolar | Villager (Male) |
| 15:06 | Construir | Farm |
| 15:17 | Construir | Farm |
| 15:17 | Construir | Farm |
| 15:18 | Construir | Farm |
| 15:18 | Construir | Farm |
| 15:53 | Encolar | Archer |
| 15:53 | Encolar | Archer |
| 15:54 | Encolar | Archer |
| 16:00 | Encolar | Villager (Male) |
| 16:03 | Construir | Farm |
| 16:05 | Construir | Farm |
| 16:11 | Encolar | Archer |
| 16:12 | Encolar | Archer |
| 16:13 | Encolar | Villager (Male) |
| 16:16 | Construir | Farm |
| 16:24 | Encolar | Archer |
| 16:42 | Encolar | Villager (Male) |
| 16:45 | Construir | Farm |
| 16:48 | Encolar | Archer |
| 16:49 | Encolar | Skirmisher |
| 16:50 | Encolar | Villager (Male) |
| 16:50 | Encolar | Villager (Male) |
| 17:03 | Encolar | Archer |
| 17:03 | Encolar | Villager (Male) |
| 17:06 | Construir | Farm |
| 17:18 | Encolar | Villager (Male) |
| 17:23 | Construir | Farm |
| 17:55 | Encolar | Archer |
| 17:55 | Encolar | Villager (Male) |
| 17:58 | Construir | Farm |
| 18:00 | Construir | Farm |
| 18:28 | Construir | Farm |
| 18:31 | Construir | Farm |
| 18:33 | Construir | Farm |
| 18:44 | Construir | Farm |
| 19:12 | Construir | Farm |
| 20:00 | Investigar | Castle Age |
| 20:11 | Construir | Stable |
| 20:34 | Construir | Stable |
| 20:40 | Investigar | Scale Barding Armor |
| 20:49 | Encolar | Villager (Male) |
| 21:13 | Investigar | Bloodlines |
| 21:42 | Investigar | Forging |
| 22:40 | Edad | Edad de los Castillos |
| 22:44 | Construir | Siege Workshop |
| 22:50 | Encolar | Knight |
| 22:51 | Encolar | Knight |
| 22:51 | Encolar | Knight |
| 22:51 | Encolar | Knight |
| 22:59 | Encolar | Knight |
| 23:00 | Encolar | Knight |
| 23:00 | Encolar | Knight |
| 23:08 | Encolar | Knight |
| 23:09 | Encolar | Knight |
| 23:11 | Construir | Farm |
| 23:15 | Construir | Siege Workshop |
| 23:31 | Encolar | Knight |
| 23:35 | Investigar | Iron Casting |
| 23:36 | Encolar | Villager (Male) |
| 23:46 | Encolar | Knight |
| 23:46 | Encolar | Knight |
| 24:08 | Encolar | Knight |
| 24:13 | Encolar | Villager (Male) |
| 24:14 | Construir | Farm |
| 24:15 | Encolar | Villager (Male) |
| 24:48 | Encolar | Knight |
| 24:52 | Construir | Monastery |
| 25:00 | Encolar | Knight |
| 25:03 | Encolar | Knight |
| 25:07 | Construir | Market |
| 25:24 | Encolar | Mangonel |
| 25:33 | Encolar | Villager (Male) |
| 25:38 | Construir | Mining Camp |
| 25:44 | Encolar | Knight |
| 25:46 | Encolar | Villager (Male) |
| 25:49 | Encolar | Villager (Male) |
Build order — [BTJ']Sanguche de milanga reloco
Primeras 150 de 348 acciones detectadas
| 0:00 | Encolar | Villager (Male) |
| 0:00 | Encolar | Villager (Male) |
| 0:00 | Encolar | Villager (Male) |
| 0:02 | Construir | House |
| 0:02 | Encolar | Villager (Male) |
| 0:03 | Construir | House |
| 1:26 | Encolar | Villager (Male) |
| 1:55 | Encolar | Villager (Male) |
| 2:08 | Construir | Lumber Camp |
| 2:16 | Encolar | Villager (Male) |
| 2:55 | Encolar | Villager (Male) |
| 2:56 | Encolar | Villager (Male) |
| 3:42 | Encolar | Villager (Male) |
| 3:42 | Encolar | Villager (Male) |
| 3:42 | Encolar | Villager (Male) |
| 4:05 | Encolar | Villager (Male) |
| 4:19 | Encolar | Villager (Male) |
| 4:32 | Construir | House |
| 4:35 | Investigar | Loom |
| 4:36 | Encolar | Villager (Male) |
| 4:36 | Encolar | Villager (Male) |
| 4:36 | Encolar | Villager (Male) |
| 4:40 | Construir | Mill |
| 4:49 | Construir | Mill |
| 4:51 | Encolar | Villager (Male) |
| 4:59 | Encolar | Villager (Male) |
| 5:18 | Encolar | Villager (Male) |
| 6:19 | Encolar | Villager (Male) |
| 6:19 | Encolar | Villager (Male) |
| 6:20 | Encolar | Villager (Male) |
| 7:19 | Construir | Mill |
| 7:48 | Encolar | Villager (Male) |
| 8:02 | Investigar | Feudal Age |
| 8:22 | Construir | Mining Camp |
| 8:35 | Encolar | Villager (Male) |
| 9:00 | Encolar | Villager (Male) |
| 9:00 | Encolar | Villager (Male) |
| 9:07 | Construir | Palisade Wall |
| 9:08 | Construir | Palisade Wall |
| 9:15 | Construir | Palisade Wall |
| 9:16 | Construir | Palisade Wall |
| 9:23 | Construir | House |
| 9:24 | Encolar | Villager (Male) |
| 9:24 | Encolar | Villager (Male) |
| 9:49 | Encolar | Villager (Male) |
| 9:50 | Encolar | Villager (Male) |
| 10:12 | Edad | Edad Feudal |
| 10:15 | Construir | Mill |
| 10:22 | Encolar | Villager (Male) |
| 10:32 | Construir | Barracks |
| 10:35 | Construir | Palisade Wall |
| 10:45 | Investigar | Double-Bit Axe |
| 11:08 | Encolar | Villager (Male) |
| 11:08 | Encolar | Villager (Male) |
| 11:28 | Construir | Palisade Wall |
| 11:34 | Encolar | Villager (Male) |
| 11:41 | Construir | Archery Range |
| 11:51 | Encolar | Villager (Male) |
| 11:59 | Encolar | Villager (Male) |
| 12:04 | Construir | Palisade Gate |
| 12:26 | Encolar | Villager (Male) |
| 12:26 | Encolar | Villager (Male) |
| 12:28 | Encolar | Archer |
| 12:29 | Encolar | Archer |
| 12:34 | Construir | Palisade Gate |
| 12:44 | Encolar | Archer |
| 12:45 | Encolar | Archer |
| 12:54 | Construir | Archery Range |
| 13:08 | Construir | House |
| 13:23 | Construir | Palisade Wall |
| 13:24 | Construir | Palisade Wall |
| 13:25 | Encolar | Villager (Male) |
| 13:28 | Encolar | Villager (Male) |
| 13:30 | Encolar | Archer |
| 13:30 | Encolar | Archer |
| 13:34 | Encolar | Archer |
| 13:34 | Encolar | Archer |
| 13:51 | Encolar | Archer |
| 13:55 | Encolar | Archer |
| 13:57 | Encolar | Archer |
| 14:02 | Encolar | Villager (Male) |
| 14:03 | Encolar | Archer |
| 14:04 | Encolar | Archer |
| 14:09 | Encolar | Archer |
| 14:09 | Encolar | Archer |
| 14:18 | Construir | Palisade Wall |
| 14:19 | Construir | Palisade Wall |
| 14:28 | Encolar | Archer |
| 14:41 | Construir | Palisade Wall |
| 14:50 | Encolar | Villager (Male) |
| 14:50 | Encolar | Villager (Male) |
| 14:51 | Encolar | Skirmisher |
| 14:53 | Construir | Farm |
| 14:53 | Construir | Farm |
| 14:53 | Construir | Farm |
| 14:53 | Construir | Farm |
| 14:54 | Construir | Farm |
| 14:54 | Construir | Farm |
| 14:54 | Construir | Farm |
| 15:10 | Construir | Farm |
| 15:10 | Construir | Farm |
| 15:10 | Construir | Farm |
| 15:17 | Construir | House |
| 15:17 | Construir | House |
| 15:17 | Construir | House |
| 15:17 | Construir | House |
| 15:32 | Construir | House |
| 15:37 | Construir | Palisade Wall |
| 15:38 | Encolar | Villager (Male) |
| 15:38 | Encolar | Villager (Male) |
| 15:49 | Encolar | Skirmisher |
| 16:08 | Construir | Watch Tower |
| 16:10 | Encolar | Skirmisher |
| 16:10 | Encolar | Skirmisher |
| 16:47 | Construir | Lumber Camp |
| 16:48 | Encolar | Skirmisher |
| 16:55 | Construir | Farm |
| 16:55 | Construir | Farm |
| 16:55 | Construir | Farm |
| 16:56 | Construir | Farm |
| 17:05 | Construir | Blacksmith |
| 17:09 | Encolar | Skirmisher |
| 17:14 | Encolar | Archer |
| 17:46 | Encolar | Skirmisher |
| 17:47 | Encolar | Skirmisher |
| 17:50 | Construir | Farm |
| 17:50 | Construir | Farm |
| 17:50 | Construir | Farm |
| 17:51 | Construir | Farm |
| 18:10 | Construir | Farm |
| 18:11 | Construir | Farm |
| 18:11 | Construir | Farm |
| 18:11 | Construir | Farm |
| 18:27 | Encolar | Skirmisher |
| 18:27 | Encolar | Skirmisher |
| 18:29 | Construir | Farm |
| 18:29 | Construir | Farm |
| 18:29 | Construir | Farm |
| 18:30 | Construir | Farm |
| 18:33 | Encolar | Skirmisher |
| 18:33 | Encolar | Skirmisher |
| 18:51 | Construir | Farm |
| 18:52 | Construir | Farm |
| 18:52 | Construir | Farm |
| 18:52 | Encolar | Villager (Male) |
| 19:24 | Construir | Palisade Wall |
| 19:26 | Encolar | Villager (Male) |
| 19:26 | Encolar | Villager (Male) |
| 19:26 | Encolar | Villager (Male) |
| 19:31 | Construir | Farm |
Cronología de la partida
| 4:50 | Pedro · first_building Barracks |
| 9:07 | [BTJ']Sanguche de milanga reloco · wall_segment Palisade Wall x1 |
| 9:08 | [BTJ']Sanguche de milanga reloco · wall_segment Palisade Wall x1 |
| 9:15 | [BTJ']Sanguche de milanga reloco · wall_segment Palisade Wall x1 |
| 9:16 | [BTJ']Sanguche de milanga reloco · wall_segment Palisade Wall x1 |
| 10:12 | [BTJ']Sanguche de milanga reloco · age_up feudal |
| 10:29 | Pedro · age_up feudal |
| 10:32 | [BTJ']Sanguche de milanga reloco · first_building Barracks |
| 10:35 | [BTJ']Sanguche de milanga reloco · wall_segment Palisade Wall x1 |
| 10:40 | Pedro · first_building Archery Range |
| 11:28 | [BTJ']Sanguche de milanga reloco · wall_segment Palisade Wall x1 |
| 11:41 | [BTJ']Sanguche de milanga reloco · first_building Archery Range |
| 13:23 | [BTJ']Sanguche de milanga reloco · wall_segment Palisade Wall x3 |
| 13:24 | [BTJ']Sanguche de milanga reloco · wall_segment Palisade Wall x3 |
| 14:18 | [BTJ']Sanguche de milanga reloco · wall_segment Palisade Wall x1 |
| 14:19 | [BTJ']Sanguche de milanga reloco · wall_segment Palisade Wall x1 |
| 14:41 | [BTJ']Sanguche de milanga reloco · wall_segment Palisade Wall x1 |
| 15:37 | [BTJ']Sanguche de milanga reloco · wall_segment Palisade Wall x1 |
| 19:24 | [BTJ']Sanguche de milanga reloco · wall_segment Palisade Wall x11 |
| 19:45 | [BTJ']Sanguche de milanga reloco · wall_segment Palisade Wall x19 |
| 20:11 | Pedro · first_building Stable |
| 20:48 | [BTJ']Sanguche de milanga reloco · wall_segment Palisade Wall x10 |
| 21:11 | [BTJ']Sanguche de milanga reloco · wall_segment Palisade Wall x7 |
| 21:14 | [BTJ']Sanguche de milanga reloco · wall_segment Palisade Wall x7 |
| 21:55 | [BTJ']Sanguche de milanga reloco · wall_segment Palisade Wall x6 |
| 22:04 | [BTJ']Sanguche de milanga reloco · wall_segment Palisade Wall x4 |
| 22:40 | Pedro · age_up castle |
| 22:44 | Pedro · first_building Siege Workshop |
| 24:16 | [BTJ']Sanguche de milanga reloco · first_market_buy 100 food |
| 24:16 | [BTJ']Sanguche de milanga reloco · first_market_sell 100 wood |
| 24:52 | Pedro · first_building Monastery |
| 26:39 | Pedro · first_market_sell 100 food |
| 27:03 | [BTJ']Sanguche de milanga reloco · age_up castle |
| 27:35 | [BTJ']Sanguche de milanga reloco · first_building Siege Workshop |
| 30:20 | [BTJ']Sanguche de milanga reloco · wall_segment Palisade Wall x1 |
| 30:21 | [BTJ']Sanguche de milanga reloco · wall_segment Palisade Wall x1 |
| 30:23 | [BTJ']Sanguche de milanga reloco · wall_segment Palisade Wall x1 |
| 30:39 | [BTJ']Sanguche de milanga reloco · wall_segment Palisade Wall x1 |
| 30:53 | [BTJ']Sanguche de milanga reloco · wall_segment Palisade Wall x1 |
| 33:00 | Pedro · resign |
[ ANÁLISIS IA · 1 CRÉDITO ]
¿Qué pasó realmente en esta partida?
Wolo.gg analiza cada decisión: build order, eco, micro, errores típicos por bracket. Análisis personalizado por WhatsApp o Discord en 30 segundos.
Guía civ
Hunos
Perfil
Jugador #339375